 Dungeon Crawl Stone Soup version 0.27-a0-223-ge082b6e869 (webtiles) character file.

Game seed: 6597959845178519602

1466 lunkers the Geomancer (level 9, -3/45 HPs)
             Began as a Kobold Earth Elementalist on Feb 1, 2021.
             Was a Believer of Kikubaaqudgha.
             Killed from afar by an orc wizard (8 damage)
             ... with a magic dart
             ... on level 6 of the Dungeon.
             The game lasted 00:08:11 (7664 turns).

lunkers the Geomancer (Kobold Earth Elementalist)   Turns: 7664, Time: 00:08:11

Health: -3/45      AC:  2    Str:  5    XL:     9   Next: 6%
Magic:  0/18       EV: 15    Int: 19    God:    Kikubaaqudgha [**....]
Gold:   212        SH:  0    Dex: 16    Spells: 14/20 levels left

rFire    . . .     SeeInvis .   l - +3 short sword
rCold    + . .     Faith    .   (shield restricted)
rNeg     . . .     Spirit   .   c - +0 robe
rPois    .         Reflect  .   (no helmet)
rElec    .         Harm     .   (no cloak)
rCorr    .         Rampage  .   (no gloves)
Will     .....                  (no boots)
Stlth    +++.......             (no amulet)
HPRegen  0.15/turn              k - ring of flight
MPRegen  0.16/turn              x - ring of protection from cold

@: no status effects
A: small, nightstalker 3
a: Renounce Religion, Evoke Flight, Receive Corpses


You were on level 6 of the Dungeon.
You worshipped Kikubaaqudgha.
Kikubaaqudgha was pleased with you.
You visited 1 branch of the dungeon, and saw 6 of its levels.
You also visited: Ossuary.

You collected 212 gold pieces.

Inventory:

Hand Weapons
 i - a +0 mace of pain
 l - a +3 short sword (weapon)
Missiles
 b - 40 stones
 j - 2 atropa-tipped darts
Armour
 c - a +0 robe (worn)
Jewellery
 k - a ring of flight (left hand)
 x - a ring of protection from cold (right hand)
Scrolls
 a - 2 scrolls of fear {unknown}
 h - a scroll of noise {unknown}
 m - 7 scrolls of remove curse
 o - a scroll of fog {unknown}
 p - 4 scrolls of blinking {unknown}
 r - 3 scrolls of enchant armour {unknown}
 s - 5 scrolls of teleportation
 t - 3 scrolls of enchant weapon {unknown}
 u - a scroll of magic mapping {unknown}
 v - 2 scrolls of amnesia {unknown}
 y - a scroll of identify
 B - a scroll of random uselessness {unknown}
Potions
 d - 2 potions of cancellation {unknown}
 e - 2 potions of haste
 f - 4 potions of curing
 g - 2 potions of mutation
 n - a potion of invisibility
 q - a potion of might {unknown}
 w - 2 potions of brilliance {unknown}
 z - a potion of berserk rage {unknown}
 A - 2 potions of attraction {unknown}


   Skills:
 - Level 2.4 Dodging
 - Level 2.6 Stealth
 + Level 6.4 Spellcasting
 - Level 1.0 Transmutations
 * Level 9.2 Earth Magic


You had 14 spell levels left.
You knew the following spells:

 Your Spells              Type           Power        Failure   Level
a - Stone Arrow           Conj/Erth      46%          4%          3
b - Passwall              Tmut/Erth      20%          1%          2
c - Sandblast             Erth           82%          1%          1

Your spell library contained the following spells:

 Spells                   Type           Power        Failure   Level
 Lee's Rapid Deconstruct  Erth           20%          7%          5
 Animate Skeleton         Necr           12%          11%         1
 Magic Dart               Conj           24%          11%         1
 Pain                     Necr           24%          11%         1
 Petrify                  Tmut/Erth      25%          13%         4
 Corpse Rot               Necr/Air       N/A          16%         2
 Searing Ray              Conj           12%          16%         2
 Sublimation of Blood     Necr           3%           16%         2
 Dazzling Flash           Conj/Hex       12%          32%         3
 Vampiric Draining        Necr           3%           32%         3
 Fulminant Prism          Conj/Hex       3%           71%         4
 Iskenderun's Mystic Bla  Conj/Tloc      6%           71%         4
 Statue Form              Tmut/Erth      16%          90%         6


Dungeon Overview and Level Annotations

Branches:
Dungeon (6/15)             Temple (0/1) D:5         Ossuary (visited)

Altars:
Gozag
Hepliaklqana
Kikubaaqudgha
Makhleb
Trog
Uskayaw
Wu Jian
Xom
The Shining One

Shops:
D:5 [


Innate Abilities, Weirdness & Mutations

You are small and have problems with some larger weapons.
You are completely attuned to the shadows.


Message History

Unknown command.
You hit something but do no damage. Something hits you.
* * * LOW HITPOINT WARNING * * *
You miss something.
You hear some strange, mumbled words.
A magic dart appears from out of thin air!
The magic dart hits you.
* * * LOW HITPOINT WARNING * * *
You barely miss something. Something hits you but does no damage.
Unknown command.
Casting: Sandblast (safe; 1% risk of failure)
Confirm with . or Enter, or press ? or * to list all spells.
Aiming: Sandblast (safe; 1% risk of failure)
Press: ? - help, Shift-Dir - straight line
* * * LOW MAGIC WARNING * * *
You hear some strange, mumbled words.
A magic dart appears from out of thin air!
The magic dart hits you!
You die...
Kikubaaqudgha rasps: "You have failed me!
Welcome... death!"

.....#....# #...............#
##...'....# #...............##
.###'#....######...........#####.
........####.....########'## #.
........# #.....#.........# #.
........# #.....#........######.
........# #.....#...##...##...##
........# #...{.#>..##...##....#
........####...)@######....#....#
............)##### ##...##..###
.............# #....##..###
.......>.....# #....#......
.............# ###+##...##.....
.............#####....#######'##.
....#####............<#...##..##.
....# #.............#..........
....# #.............#...##..##.


There were no monsters in sight!

Vanquished Creatures
  A sky beast (D:5)
  2 ogres
  A centaur (D:5)
  2 wyvern zombies (Ossuary)
  A scorpion (D:4)
  5 killer bees (D:6)
  3 bullfrog zombies (Ossuary)
  A crimson imp (D:2)
  A centaur zombie (Ossuary)
  2 orc wizards (D:6)
  An iguana (D:4)
  2 worker ants
  A killer bee zombie (Ossuary)
  3 hound zombies (Ossuary)
  14 mummies (Ossuary)
  A howler monkey zombie (Ossuary)
  A worker ant zombie (Ossuary)
  A gnoll (D:1)
  3 adders
  3 white imps
  An ufetubus (D:6)
  2 oozes
  3 adder zombies
  2 adder skeletons
  2 dart slugs (D:1)
  2 leopard geckos (D:2)
  7 orcs
  A ball python (D:2)
  2 giant cockroaches
  7 goblins
  4 hobgoblins
  14 jackals
  2 quokkas (D:6)
  2 bats
  4 frilled lizards
  A giant cockroach zombie (Ossuary)
  2 jackal zombies
  4 kobolds
  2 leopard gecko zombies
  A quokka zombie (Ossuary)
  3 rats
117 creatures vanquished.

Vanquished Creatures (others)
  5 withered plants (Ossuary)
5 creatures vanquished.

Grand Total: 122 creatures vanquished

Notes
Turn   | Place    | Note
-------+----------+-------------------------------------------
     0 | D:1      | lunkers the Kobold Earth Elementalist began the quest for
                  | the Orb.
     0 | D:1      | Reached XP level 1. HP: 10/10 MP: 3/3
   238 | D:1      | Reached XP level 2. HP: 15/15 MP: 1/5
   615 | D:1      | Reached XP level 3. HP: 19/19 MP: 2/6
  1513 | D:2      | Reached skill level 4 in Earth Magic
  1634 | D:2      | Found an ancient bone altar of Kikubaaqudgha.
  1778 | D:2      | Found a burning altar of Makhleb.
  1781 | D:2      | Reached XP level 4. HP: 24/24 MP: 5/8
  2109 | D:2      | Found a hide-covered altar of Uskayaw.
  2170 | D:2      | Became a worshipper of Kikubaaqudgha
  2554 | D:2      | Found a shimmering altar of Xom.
  2555 | D:2      | Found a hazy altar of Hepliaklqana.
  2556 | D:2      | Noticed a spectral ugly thing
  3002 | D:3      | Reached XP level 5. HP: 17/28 MP: 5/9
  4080 | D:4      | Reached skill level 5 in Earth Magic
  4402 | D:4      | Reached XP level 6. HP: 4/32 MP: 7/11
  5109 | D:5      | Entered Level 5 of the Dungeon
  5191 | D:5      | Found an opulent altar of Gozag.
  5223 | D:5      | Noticed a sky beast
  5230 | D:5      | Killed a sky beast
  5231 | D:5      | Reached skill level 6 in Earth Magic
  5234 | D:5      | Learned a level 2 spell: Passwall
  5238 | D:5      | Learned a level 3 spell: Stone Arrow
  5320 | D:5      | Found Jofedeaj's Antique Armour Emporium.
  5368 | D:5      | Reached XP level 7. HP: 36/36 MP: 9/13
  5429 | D:5      | Found a staircase to the Ecumenical Temple.
  5692 | D:5      | Found a sand-covered staircase.
  5714 | D:5      | Found a glowing golden altar of the Shining One.
  5732 | Ossuary  | Entered an ossuary
  5739 | Ossuary  | Reached * piety under Kikubaaqudgha
  5739 | Ossuary  | Identified Kikubaaqudgha's Guide on Stolen Souls
                  | (Kikubaaqudgha gifted it to you in an ossuary)
  5739 | Ossuary  | Received a gift from Kikubaaqudgha
  5744 | Ossuary  | Reached skill level 7 in Earth Magic
  5769 | Ossuary  | Reached skill level 5 in Spellcasting
  5825 | Ossuary  | Reached XP level 8. HP: 26/41 MP: 3/15
  6144 | Ossuary  | Reached skill level 8 in Earth Magic
  6308 | Ossuary  | Reached ** piety under Kikubaaqudgha
  6739 | D:5      | Identified Zyfuevod's Disquisition on the Dark Mountains
  6853 | D:6      | Found a bloodstained altar of Trog.
  7063 | D:6      | Reached skill level 9 in Earth Magic
  7065 | D:6      | Reached XP level 9. HP: 27/45 MP: 12/18
  7443 | D:6      | Found an ornate altar of the Wu Jian Council.
  7664 | D:6      | Killed from afar by an orc wizard

Illustrated notes

Levels and vault maps discovered:
D:1:      tarquinn_simple_flora_water_b, layout_basic, serial_forest,
          infiniplex_forest_clump_small, infiniplex_forest_lined_3,
          infiniplex_forest_fountain, infiniplex_forest_lined_room_,
          infiniplex_forest_straight_5, infiniplex_forest_clump_cross,
          infiniplex_forest_clump_diagonal, chequers_serial_rivers_small_3
D:2:      layout_basic, nicolae_overflow_crystal_walls, makhleb_grotto_becter,
          lemuel_round_altar, regret_index_temple_of_mockery
D:3:      layout_basic, kennysheep_cross_bottleneck,
          chequers_serial_rivers_small_b
D:4:      layout_loops_corners
D:5:      layout_cave_pools, grunt_gozag_statues, lemuel_doored_altar,
          minmay_temple_entry_nine_rooms, enter_ossuary_1, serial_shops, shop
D:6:      layout_gridville, marbit_many_paths, nicolae_ru_the_path_less_chosen,
          bloody_trog

Skill      XL: |  1  2  3  4  5  6  7  8 |
---------------+-------------------------+-----
Earth Magic    | 4 5 6 7 9 |  9.2
Spellcasting   | 3 4 5 6 |  6.4
Dodging        | |  2.4
Stealth        | |  2.6
Transmutations | |  1.0

Action                   |  1- 3 |  4- 6 |  7- 9 || total
-------------------------+-------+-------+-------++-------
Melee: Short sword       |       |    21 |    21 ||    42
 Cast: Sandblast         |    37 |    66 |   104 ||   207
       Stone Arrow       |       |       |    10 ||    10
  Use: Scroll            |       |     6 |       ||     6
       Potion            |       |     1 |       ||     1
 Stab: Sleeping          |       |     4 |       ||     4
Armor: Robe              |       |     4 |     4 ||     8
Dodge: Dodged            |     3 |    33 |    35 ||    71

Table legend: (Time is in decaauts)
 A = Elapsed time spent in this place.
 B = Non-inter-level travel time spent in this place.
 C = Inter-level travel time spent in this place.
 D = Time resting spent in this place.
 E = Time spent auto-exploring this place.
 F = Levels seen in this place.
 G = Mean time per level.
                   A        B        C        D        E       F      G
               +--------+--------+--------+--------+--------+-----+--------+
         Total |   7695 |   7490 |    205 |    451 |   6289 |   7 | 1099.3 |
       Dungeon |   6818 |   6613 |    205 |    232 |   5816 |   6 | 1136.3 |
       Ossuary |    876 |    876 |      0 |    219 |    473 |   1 |  876.0 |
               +--------+--------+--------+--------+--------+-----+--------+

Top non-repeatable levels by time:
     D:1: 1516 daAuts
     D:4: 1479 daAuts
     D:2: 1179 daAuts
     D:3: 939 daAuts
     D:6: 905 daAuts
 Ossuary: 876 daAuts
     D:5: 798 daAuts
